AoeStats
← LyM.Chufri23

Arabia

510398480Analyzed
2v2 RM · 12h ago on Sep 30, 2026· 31m 5s· 4 players
Game mode
Random Map
Map size
Medium (4 player)
Population
200
Speed
Normal
Resources
Standard
Victory
Conquest
Starting age
Dark Age
Ending age
Imperial Age
RankedLock teamsTeams togetherTeam positionsShared explorationLock speedFull tech treeHidden civsTurbo modeCheats
Victory
Defeat
🇦🇷 Varangians · Argentina
1161
+14
🇦🇷 Wei · Argentina
1059
+18
🇧🇴 Celts · Bolivia
1113
-16
🇧🇴 Maya · Bolivia
1110
-16
LyM.Chufri23
6:27 Loom
9:42 Feudal Age
11:14 Double-Bit Axe
14:48 Bloodlines
23:40 Castle Age
21:54 Gold Mining
22:18 Forging
22:08 Scale Mail Armor
22:49 Horse Collar
25:22 Iron Casting
25:02 Chain Mail Armor
26:16 Bow Saw
30:16 Heavy Plow
LyM.leantorras
6:13 Loom
10:10 Feudal Age
10:56 Double-Bit Axe
11:34 Horse Collar
19:14 Gold Mining
22:45 Castle Age
21:14 Fletching
21:25 Padded Archer Armor
22:31 Bloodlines
23:40 Bodkin Arrow
23:59 Bow Saw
24:45 Husbandry
25:12 Leather Archer Armor
30:34 Gold Shaft Mining
30:44 Thumb Ring
Totolu
0:32 Loom
10:44 Feudal Age
11:54 Man-at-Arms
20:42 Double-Bit Axe
24:34 Castle Age
23:22 Forging
24:23 Wheelbarrow
23:54 Fletching
24:04 Padded Archer Armor
24:38 Crossbowman
28:44 Bow Saw
Escr0t0Blindad0
0:30 Loom
10:31 Feudal Age
12:03 Double-Bit Axe
19:41 Castle Age
20:44 Bow Saw
20:20 Horse Collar
21:30 Heavy Plow
21:36 Pikeman
Connection lost

Rejoining the realm…

Still unreachable

The connection could not be restored.

Session expired

The server has moved on; the page needs a fresh start.